 Dungeon Crawl Stone Soup version 0.17.1-1-g73c8601 (console) character file.

135 Kloppie the Chopper (level 4, -1/40 HPs)
             Began as a Minotaur Gladiator on Dec 27, 2015.
             Slain by an adder skeleton (2 damage)
             ... on level 3 of the Dungeon.
             The game lasted 00:02:15 (1860 turns).

Kloppie the Chopper (Minotaur Gladiator)            Turns: 1860, Time: 00:02:15

Health: -1/40      AC:  3    Str: 19    XL:     4   Next: 97%
Magic:  3/3        EV: 12    Int:  6    God:
Gold:   114        SH:  0    Dex: 11    Spells: 0 memorised, 3 levels left

rFire  . . .     SeeInvis .     a - +0 war axe
rCold  . . .     Clarity  .     b - +0 leather armour
rNeg   . . .     SustAt   .     (no shield)
rPois  .         Gourm    .     c - +0 hat
rElec  .         Spirit   .     (no cloak)
rCorr  .         Warding  .     (no gloves)
rMut   .         Stasis   .     (no boots)
MR     .....                    (no amulet)
Stlth  +.........               (no ring)
                                (no ring)

@: not resistant to hostile enchantments, very unstealthy
A: retaliatory headbutt, horns 2
a: no special abilities


You were on level 3 of the Dungeon.
You were not hungry.

You visited 1 branch of the dungeon, and saw 3 of its levels.

You collected 114 gold pieces.

Inventory:

Hand Weapons
 a - a +0 war axe (weapon)
Missiles
 d - 3 throwing nets (quivered)
Armour
 b - a +0 leather armour (worn)
 c - a +0 hat (worn)
Jewellery
 h - an uncursed ring of flight {unknown}
 m - an uncursed ring of positive energy {unknown}
Scrolls
 f - 2 scrolls of fog {unknown}
 g - 2 scrolls of enchant weapon {unknown}
 k - a scroll of identify {unknown}
 o - a scroll of amnesia {unknown}
Potions
 j - a potion of magic {unknown}
 l - a potion of haste {unknown}
Comestibles
 e - 6 bread rations
 i - 3 fruits
 n - a chunk of flesh


   Skills:
 + Level 3.8 Fighting
 + Level 5.1 Axes
 - Level 2.0 Throwing
 + Level 3.0 Armour
 - Level 3.2 Dodging


You had 3 spell levels left.
You didn't know any spells.

Dungeon Overview and Level Annotations

Branches:
Dungeon (3/15)

Altars:
Elyvilon
Qazlal
Yredelemnul

Annotations:
D:3 Robin


Innate Abilities, Weirdness & Mutations

You reflexively headbutt those who attack you in melee.
You have a pair of horns on your head.


Message History

* * * LOW HITPOINT WARNING * * *
Robin hits you but does no damage.
You hit Robin but do no damage.
Robin is almost dead.
You closely miss the goblin. You closely miss the adder skeleton.
The adder skeleton bites you.
* * * LOW HITPOINT WARNING * * *
The goblin misses you.
Robin says, "My army is invincible!"
Robin misses you. You furiously retaliate!
You headbutt Robin, but do no damage. The adder skeleton bites you.
* * * LOW HITPOINT WARNING * * *
Drink which item? (? for menu, Esc to quit)
Okay, then.
You barely miss Robin. You headbutt Robin, but do no damage.
Robin is almost dead.
You slash the goblin!
You kill the goblin!
You barely miss the adder skeleton. The adder skeleton bites you.
You die...

....###<.# #.......##
##### #..# #.......#
#...##.......#
.#...........# .. ..
...#.........###. ..
..............##..#.#
.........รท..####.#..#
(....#.....#)# #.#.#
##....#@####...#### ##
.......#Zg##.......#...
........##)?)....)......
.
.##...######).!.()......
#.#. #...............
..#. #..#........>....
#................
..................
...................


You could see Robin and an adder skeleton.

Vanquished Creatures
  Jessica (D:3)
  A worker ant zombie (D:3)
  3 adders
  An ooze (D:3)
  An adder zombie (D:3)
  A giant gecko (D:1)
  A ball python (D:3)
  7 bats
  9 hobgoblins
  4 jackals (D:1)
  6 kobolds
  5 giant cockroaches
  2 giant gecko skeletons (D:3)
  A giant newt (D:3)
  12 goblins
  8 rats
63 creatures vanquished.

Notes
Turn   | Place    | Note
--------------------------------------------------------------
     0 | D:1      | Kloppie the Minotaur Gladiator began the quest for the Orb.
     0 | D:1      | Reached XP level 1. HP: 18/18 MP: 0/0
   221 | D:1      | Reached XP level 2. HP: 25/25 MP: 1/1
   299 | D:1      | Reached skill level 1 in Armour
   460 | D:1      | Reached skill level 4 in Axes
   835 | D:2      | Reached XP level 3. HP: 17/31 MP: 2/2
  1250 | D:2      | Found a basalt altar of Yredelemnul.
  1331 | D:2      | Found a white marble altar of Elyvilon.
  1482 | D:2      | Found a stormy altar of Qazlal.
  1561 | D:3      | Reached XP level 4. HP: 28/38 MP: 3/3
  1645 | D:3      | Noticed Jessica
  1652 | D:3      | Killed Jessica
  1831 | D:3      | Noticed Robin
  1840 | D:3      | Reached skill level 5 in Axes
  1859 | D:3      | HP: 2/40 [adder skeleton (2)]
  1860 | D:3      | Slain by an adder skeleton

Action                   |  1- 3 |  4- 6 || total
-------------------------+-------+-------++-------
Melee: War axe           |    66 |    33 ||    99
 Stab: Sleeping          |     1 |       ||     1
  Eat: Chunk             |     2 |     1 ||     3
